Map: Eternal Empire LE

Players

Clem

  • Race: Terran Terran
  • League: Master
  • Spawn Location: 7:00

Neeblet (Neeb) - Winner!

  • Race: Protoss Protoss
  • Spawn Location: 1:00

VOD

Have the link to the VOD?

Description

Time

  • Played on: Jan. 14, 2020, 2:07 p.m.
  • Length: 12:39
Show
View Real Time Build Order
Export as new Build Order

Clem Terran 

Build Orders:  

Get SALT Encoding   

  12  0:00  SCV  
  13  0:12  SCV  
  14  0:17  Supply Depot  
  14  0:25  SCV  
  15  0:39  SCV  
  15  0:40  Barracks  
  16  0:44  Refinery  
  16  0:51  SCV  
  17  1:03  SCV  
  18  1:15  SCV  
  19  1:27  Orbital Command  
  19  1:28  Marine  
  20  1:47  Command Center  
  20  1:53  Factory  
  20  1:57  SCV  
  21  2:03  Barracks Reactor  
  21  2:07  Supply Depot  
  21  2:11  SCV  
  22  2:16  Refinery  
  22  2:23  SCV  
  23  2:35  SCV  
  24  2:40  Starport  
  24  2:43  Hellion  
  24  2:44  Hellion  
  28  2:47  Barracks Tech Lab  
  28  2:49  SCV  
  29  2:58  Orbital Command  
  29  3:03  SCV  
  30  3:10  Widow Mine  
  30  3:11  Widow Mine  
  34  3:17  SCV  
  34  3:19  Marine  
  36  3:21  Medivac  
  36  3:25  SCV  
  39  3:29  Supply Depot  
  39  3:33  Widow Mine  
  40  3:36  Widow Mine  
  40  3:37  SCV  
  40  3:39  SCV  
  44  3:42  Marine  
  44  3:47  Stimpack  
  45  3:50  SCV  
  45  3:51  SCV  
  47  3:56  Barracks  
  47  4:00  Barracks  
  47  4:03  Marine  
  47  4:04  SCV  
  47  4:06  SCV  
  47  4:09  Factory Tech Lab  
  50  4:10  Starport Reactor  
  50  4:17  Engineering Bay  
  50  4:20  Marine  
  50  4:22  Supply Depot  
  50  4:23  SCV  
  52  4:27  SCV  
  53  4:37  SCV  
  54  4:43  Factory Reactor  
  54  4:44  Marine, SCV  
  56  4:49  Supply Depot  
  56  4:50  Marine x2  
  56  4:51  SCV, Terran Infantry Weapons Level 1, Refinery  
  59  4:55  Combat Shield  
  59  4:56  SCV, Marauder  
  60  5:01  Missile Turret  
  60  5:03  Missile Turret  
  60  5:04  SCV  
  59  5:07  Marine  
  59  5:10  SCV  
  59  5:12  Marine x2  
  61  5:16  SCV  
  61  5:18  Marauder  
  61  5:20  Supply Depot  
  64  5:22  SCV  
  64  5:27  Marauder  
  64  5:28  SCV  
  68  5:29  Medivac  
  68  5:34  Concussive Shells  
  70  5:37  Supply Depot  
  70  5:41  Marine x2, Medivac  
  70  5:42  Widow Mine, Refinery  
  76  5:43  Widow Mine  
  76  5:48  Supply Depot  
  78  5:54  SCV  
  78  5:57  Supply Depot  
  78  5:58  Marine  
  78  5:59  SCV, Marauder  
  78  6:01  Marine x2  
  84  6:07  Widow Mine  
  84  6:10  SCV, Medivac, Widow Mine  
  84  6:11  SCV  
  90  6:15  Medivac, Supply Depot  
  90  6:17  Marauder  
  94  6:21  Marine  
  94  6:22  SCV  
  94  6:23  Marine  
  94  6:24  Supply Depot  
  94  6:26  Marine  
  95  6:33  SCV  
  95  6:34  SCV  
  95  6:35  Widow Mine x2  
  97  6:41  Marauder  
  99  6:47  Terran Infantry Armor Level 1  
  99  6:51  Command Center  
  99  6:56  Marine x2  
  99  6:57  Marauder  
  102  7:04  Widow Mine  
  102  7:05  SCV x2  
  96  7:09  Marauder  
  96  7:13  Medivac  
  99  7:16  Medivac  
  99  7:17  SCV  
  99  7:18  Marine, Marauder  
  99  7:21  Marine  
  106  7:29  Supply Depot  
  98  7:31  SCV, Widow Mine x2  
  98  7:32  SCV  
  100  7:39  Marine, Marauder  
  100  7:44  Barracks  
  103  7:47  Barracks  
  103  7:48  Marine  
  104  7:51  Marauder  
  110  8:00  Medivac x2  
  110  8:03  Supply Depot  
  114  8:11  Marauder  
  112  8:13  SCV x2, Marauder  
  112  8:14  Starport  
  112  8:16  Orbital Command  
  112  8:19  Marine x2  
  118  8:25  SCV  
  114  8:33  Marauder  
  114  8:34  Marauder, Barracks Tech Lab  
  110  8:36  SCV  
  110  8:37  SCV  
  114  8:43  Marine  
  114  8:44  SCV  
  113  8:49  Marine  
  113  8:51  Barracks Reactor, Viking x2  
  113  8:54  Marauder  
  116  8:56  Marauder  
  116  8:59  Viking, Marauder  
  116  9:00  SCV  
  116  9:01  Marine  
  120  9:09  Marine, Viking  
  119  9:12  SCV x2  
  119  9:16  Marauder  
  119  9:17  SCV, Marauder  
  119  9:19  Marine  
  119  9:20  Marauder  
  119  9:21  Medivac  
  118  9:27  SCV  
  118  9:29  Marine x2  
  115  9:32  Viking  
  115  9:33  Viking  
  115  9:37  Marauder  
  119  9:38  Marauder  
  119  9:41  Ghost Academy  
  119  9:43  Viking  
  119  9:45  Marine x2  
  121  9:48  Marauder  
  121  9:49  Marine  
  121  9:51  Marine  
  125  9:57  Supply Depot  
  125  9:58  Marine, Viking  
  128  10:02  Marine x2  
  128  10:05  Viking  
  128  10:06  Viking  
  134  10:07  Marine  
  134  10:09  Marine  
  134  10:11  Ghost x2  
  140  10:15  Ghost  
  140  10:18  Supply Depot  
  140  10:20  Marine  
  140  10:21  Marine  
  144  10:24  Marine, Liberator  
  144  10:26  Marine, Supply Depot  
  144  10:28  Supply Depot  
  150  10:38  Marine  
  150  10:39  Marine  
  150  10:40  Marauder x2  
  150  10:41  Medivac  
  150  10:42  Marine  
  157  10:44  Marine  
  157  10:45  Marauder  
  157  10:49  Supply Depot  
  161  10:52  Liberator  
  161  10:55  Viking  
  161  10:56  Marine  
  164  10:57  SCV x3  
  164  11:01  Marauder  
  164  11:02  Marine x2  
  164  11:03  Marine  
  172  11:05  Marauder  
  172  11:06  Marauder  
  179  11:14  Marine  
  180  11:20  Marine x2  
  180  11:23  Marauder  
  169  11:26  Marine  
  169  11:27  Viking  
  169  11:28  SCV  
  169  11:29  Marine x2  
  160  11:33  Marine  
  160  11:36  Viking  
  160  11:37  Liberator  
  160  11:38  Marine  
  132  11:40  Marine  
  132  11:44  Marauder  
  132  11:46  Marine  
  126  11:47  Marauder  
  99  11:54  Marine  
  99  11:57  Marine, Marauder  
  99  12:00  Marine  
  97  12:08  Marine x2  
  88  12:09  Marauder  
  86  12:18  Marine x2  
Show
View Real Time Build Order
Export as new Build Order

Neeblet Protoss - Winner!

Build Orders: 1 Gate Expand, Oracle Opening, Phoenix Opening 

Get SALT Encoding   

  12  0:00  Probe  
  13  0:12  Probe  
  14  0:17  Pylon  
  14  0:25  Probe (Chrono Boost)  
  16  0:37  Probe (Chrono Boost), Gateway  
  16  0:43  Probe (Chrono Boost)  
  16  0:46  Assimilator  
  17  0:51  Probe  
  18  1:03  Probe  
  19  1:15  Probe  
  20  1:22  Nexus  
  20  1:33  Cybernetics Core  
  20  1:35  Probe  
  21  1:41  Assimilator  
  21  1:47  Probe (Chrono Boost)  
  21  1:51  Pylon  
  21  1:59  Probe (Chrono Boost)  
  22  2:04  Probe (Chrono Boost)  
  22  2:07  Adept (Chrono Boost)  
  23  2:14  Probe  
  26  2:19  Stargate  
  26  2:27  Probe (Chrono Boost)  
  26  2:28  Warp Gate  
  27  2:32  Adept  
  27  2:36  Probe (Chrono Boost)  
  31  2:44  Probe (Chrono Boost)  
  31  2:45  Probe (Chrono Boost)  
  31  2:50  Probe (Chrono Boost)  
  31  2:51  Probe (Chrono Boost)  
  34  3:02  Probe, Oracle (Chrono Boost)  
  34  3:03  Probe  
  39  3:13  Gateway  
  39  3:14  Gateway  
  39  3:16  Pylon  
  39  3:19  Probe  
  40  3:21  Probe  
  41  3:31  Phoenix (Chrono Boost), Probe  
  41  3:33  Probe  
  43  3:37  Shield Battery  
  43  3:43  Probe  
  43  3:48  Probe  
  45  3:51  Phoenix (Chrono Boost)  
  45  3:55  Probe  
  48  3:57  Assimilator  
  48  3:59  Pylon  
  48  4:00  Probe  
  48  4:01  Assimilator  
  49  4:06  Pylon  
  49  4:08  Probe  
  50  4:11  Phoenix  
  50  4:13  Probe  
  53  4:20  Probe  
  54  4:25  Probe  
  54  4:27  Adept  
  54  4:29  Adept  
  59  4:32  Probe  
  59  4:38  Probe  
  60  4:40  Phoenix  
  60  4:44  Probe (Chrono Boost)  
  57  4:47  Nexus  
  57  4:50  Probe (Chrono Boost)  
  58  4:56  Robotics Facility  
  58  4:57  Probe (Chrono Boost)  
  60  5:01  Probe (Chrono Boost)  
  60  5:03  Probe (Chrono Boost)  
  60  5:05  Probe (Chrono Boost)  
  44  5:07  Phoenix  
  64  5:16  Probe  
  64  5:17  Probe  
  66  5:24  Sentry  
  66  5:26  Pylon  
  68  5:28  Pylon  
  68  5:31  Probe  
  68  5:34  Probe  
  70  5:37  Forge  
  70  5:39  Pylon  
  70  5:44  Probe  
  70  5:45  Immortal (Chrono Boost), Sentry  
  70  5:47  Robotics Bay  
  77  5:52  Probe  
  77  5:57  Probe  
  79  6:00  Probe  
  81  6:04  Probe, Shield Battery  
  81  6:06  Stalker  
  81  6:09  Probe  
  84  6:11  Stalker  
  84  6:13  Probe  
  84  6:16  Probe  
  84  6:17  Protoss Ground Weapons Level 1  
  84  6:18  Observer (Chrono Boost)  
  89  6:21  Probe  
  90  6:28  Pylon  
  90  6:30  Stalker x2  
  94  6:35  Colossus (Chrono Boost)  
  94  6:38  Probe  
  94  6:41  Probe  
  94  6:43  Probe, Stalker  
  97  6:50  Probe  
  97  6:53  Probe  
  99  6:56  Probe  
  100  7:02  Probe  
  100  7:06  Probe  
  100  7:08  Stalker x3  
  98  7:10  Extended Thermal Lance  
  98  7:11  Probe  
  98  7:14  Probe  
  100  7:15  Assimilator  
  100  7:16  Assimilator  
  100  7:18  Colossus (Chrono Boost)  
  101  7:31  Probe  
  101  7:34  Probe x2  
  101  7:36  Stalker x3  
  110  7:43  Probe  
  111  7:46  Probe  
  111  7:48  Probe  
  113  7:56  Twilight Council  
  113  7:58  Gateway  
  113  8:01  Gateway, Pylon  
  113  8:02  Gateway  
  113  8:03  Photon Cannon  
  113  8:06  Pylon, Zealot  
  113  8:07  Zealot  
  113  8:11  Photon Cannon  
  117  8:14  Pylon  
  117  8:19  Probe, Colossus  
  122  8:27  Stalker  
  122  8:28  Stalker x2  
  122  8:30  Pylon  
  126  8:37  Probe  
  126  8:39  Probe  
  126  8:41  Probe  
  122  8:49  Probe, Nexus  
  122  8:51  Probe  
  122  8:53  Zealot x2  
  128  8:56  Zealot  
  126  9:03  Stalker x2  
  126  9:07  Probe, Pylon  
  126  9:08  Probe  
  125  9:12  Probe, Colossus (Chrono Boost)  
  125  9:13  Zealot  
  125  9:15  Zealot  
  131  9:23  Probe x2  
  121  9:25  Stalker x2  
  121  9:29  Stalker  
  127  9:32  Protoss Ground Armor Level 1 (Chrono Boost)  
  127  9:35  Pylon  
  127  9:36  Probe  
  127  9:37  Probe  
  129  9:45  Probe, Forge  
  129  9:50  Templar Archives  
  130  9:53  Sentry x3  
  130  9:54  Zealot  
  138  10:03  Warp Prism (Chrono Boost)  
  138  10:06  Gravitic Drive  
  140  10:08  Blink (Chrono Boost)  
  140  10:11  Protoss Ground Weapons Level 2 (Chrono Boost)  
  140  10:14  Stalker x3  
  146  10:25  Assimilator  
  146  10:29  Assimilator  
  146  10:31  Disruptor (Chrono Boost)  
  146  10:32  Gateway  
  146  10:34  Pylon, Gateway, Robotics Facility  
  149  10:56  High Templar x5  
  159  11:00  Disruptor  
  159  11:01  Archon x2  
  159  11:02  Shield Battery  
  159  11:03  High Templar, Shield Battery  
  164  11:04  Shield Battery  
  164  11:07  Shield Battery  
  164  11:09  Shield Battery  
  164  11:11  Shield Battery  
  162  11:14  Archon  
  156  11:25  Disruptor (Chrono Boost)  
  156  11:30  Stalker x4  
  156  11:31  Stalker x2  
  155  11:32  Disruptor (Chrono Boost)  
  155  11:33  Stalker  
  155  11:36  Stalker  
  112  11:54  Stalker x6  
  112  12:05  Zealot x2  
  108  12:23  Zealot  
  108  12:24  Zealot x5  
Tags
 
Add a new tag
Caveats
  • Supply blocks, unpowered buildings, or Contaminate may cause inaccurate times.
  • Supply counts are checked every 10 seconds.